 Dungeon Sprint DCSS version 0.29-a0-813-g4a14ea37d6 (webtiles) character file.

Game seed: 4298923785018348540

59964 mhtbhm the Ninja (level 14, -8/90 HPs)
             Began as a Spriggan Enchanter on July 4, 2022.
             Was an Initiate of Gozag.
             Killed from afar by an ironbound frostheart (29 damage)
             ... by creeping frost
             ... in the Dungeon (Sprint IX: "|||||||||||||||||||||||||||||").
             The game lasted 00:29:19 (10085 turns).

mhtbhm the Ninja (Spriggan Enchanter)              Turns: 10085, Time: 00:29:20

Health: -8/90      AC: 11    Str:  8    XL:     14   Next: 55%
Magic:  42/42      EV: 19    Int: 21    God:    Gozag
Gold:   3309       SH:  0    Dex: 20    Spells: 29/59 levels left

rFire   + . .      SeeInvis +   (weapon currently unavailable)
rCold   + + +      Faith    .   (shield currently unavailable)
rNeg    . . .      Spirit   .   (body armour currently unavailable)
rPois   +          Reflect  .   (helmet currently unavailable)
rElec   +          Harm     .   (cloak currently unavailable)
rCorr   +          Rampage  .   (gloves unavailable)
Will    ++++.      NoTele   +   (boots unavailable)
Stlth   ++++++++++              v - amulet "Numumock" {Acrobat rF+ Int+4}
HPRegen 0.25/turn               w - ring "Moyss" {Wiz Will++ Str+4}
MPRegen 0.28/turn               A - ring of protection from cold

@: mighty, ice-form, resistant, hasted, studying Short Blades, very quick
A: freezing attack, amphibious, boosted hp, large, no large weapons, unfitting
armour, see invisible, (speed 3)
a: End Transformation, Renounce Religion, Potion Petition, Call Merchant, Bribe
Branch


You were in the Dungeon.
You worshipped Gozag.
Gozag was most pleased with you.
You were a creature of crystalline ice.
You visited 1 branch You collected 16696 gold pieces.
You spent 5764 gold pieces at shops.
You paid 7623 gold pieces to Gozag.

Inventory:

Hand Weapons
 a - a +3 quick blade (melded)
Missiles
 y - 2 throwing nets (quivered)
Armour
 b - the +2 robe "Hol Viri" (melded) {rF+}
   (You bought it in a shop in the Dungeon)

   rF:        It protects you from fire.
 D - a +2 cloak of poison resistance (melded)
Jewellery
 m - a +2 ring of protection
 v - the amulet "Numumock" (around neck) {Acrobat rF+ Int+4}
   (You bought it in a shop in the Dungeon)

   [amulet of the acrobat]

   It increases your evasion while moving and waiting.
   Int:       It affects your intelligence (+4).
   rF:        It protects you from fire.
 w - the ring "Moyss" (left front paw) {Wiz Will++ Str+4}
   (You bought it in a shop in the Dungeon)

   [ring of wizardry]

   It improves your spell success rate.
   Str:       It affects your strength (+4).
   Will:      It greatly increases your willpower.
 z - a ring of protection from fire
 A - a ring of protection from cold (right front paw)
 B - a ring of poison resistance
Wands
 k - a wand of iceblast (2)
Scrolls
 j - 2 scrolls of amnesia
 o - 3 scrolls of identify
 p - 4 scrolls of enchant armour
 q - 3 scrolls of fear
 r - 3 scrolls of enchant weapon
 s - a scroll of immolation
 u - a scroll of vulnerability
Potions
 c - 3 potions of invisibility
 d - 10 potions of curing
 e - 6 potions of heal wounds
 f - 3 potions of haste
 g - 3 potions of magic
 l - 2 potions of mutation
 t - a potion of attraction
 x - 2 potions of might
 C - a potion of brilliance
Miscellaneous
 n - a lightning rod (4/4)


   Skills:
 + Level 9.4 Fighting
 + Level 15.7 Short Blades
 + Level 13.9 Dodging
 O Level 27 Stealth
 + Level 23.3 Spellcasting
 + Level 6.0 Conjurations
 + Level 21.6 Hexes
 + Level 1.9 Summonings
 + Level 13.6 Ice Magic
 + Level 5.6 Evocations


You had 29 spell levels left.
You knew the following spells:

 Your Spells              Type           Power      Damage    Failure   Level
a - Ensorcelled Hibernat  Hex/Ice        100%       N/A       0%          2
b - Confusing Touch       Hex            86%        N/A       0%          3
c - Tukima's Dance        Hex            86%        N/A       0%          3
d - Dazzling Flash        Conj/Hex       100%       N/A       0%          3
e - Swiftness             Air            24%        N/A       1%          3
f - Frozen Ramparts       Ice            100%       1d12      0%          3
g - Ice Form              Ice/Tmut       52%        N/A       1%          4
h - Freezing Cloud        Conj/Ice/Air   25%        6-21      1%          5
i - Summon Ice Beast      Ice/Summ       55%        N/A       1%          4

Your spell library contained the following spells:

 Spells                   Type           Power      Damage    Failure   Level
 Passwall                 Tmut/Erth      20%        N/A       1%          2
 Olgreb's Toxic Radiance  Pois           24%        N/A       6%          4
 Storm Form               Tmut/Air       12%        N/A       99%         7


Dungeon Overview and Level Annotations

Branches:
Dungeon (1/1)

Altars:
Cheibriados
Dithmenos
Elyvilon
Fedhas
Gozag
Hepliaklqana
Kikubaaqudgha
Makhleb
Nemelex Xobeh
Okawaru
Qazlal
Ru
Sif Muna
Trog
Uskayaw
Vehumet
Wu Jian
Xom
Yredelemnul
Zin
The Shining One
Jiyva
Lugonu

Shops:
D !:[?(:*==!


Innate Abilities, Weirdness & Mutations

You are a creature of crystalline ice.
You have a powerful freezing melee attack.
You are amphibious.
Your maximum health is increased.
Your armour is entirely melded.
You are incapable of wielding weapons or throwing items.
You are very small and have problems with some larger weapons.
You are too small for most types of armour.
You have supernaturally acute eyesight. (SInv)
((You cover ground extremely quickly. (Speed+++)))


Message History

Okay, then. [a] - 510 gold - resistance, might and lignification [b] - 552 gold - resistance, might and haste [c] - 308 gold - haste and brilliance Purchase which effect?
You feel protected.
You feel very mighty all of a sudden.
You feel yourself speed up.
The ironbound frostheart calls freezing cold from the walls.
The frost grips you! You partially resist.
You hit the ironbound frostheart.
The ironbound frostheart is heavily wounded.
The ironbound frostheart touches you!
* * * LOW HITPOINT WARNING * * *
The ironbound frostheart freezes you. You resist.
* * * LOW HITPOINT WARNING * * *
You hit the ironbound frostheart. You freeze the ironbound frostheart.
The ironbound frostheart is heavily wounded.
The ironbound frostheart barely misses you.
You punch the ironbound frostheart! You freeze the ironbound frostheart.
The ironbound frostheart is severely wounded.
The ice encasing you melts away. The ironbound frostheart touches you.
* * * LOW HITPOINT WARNING * * *
The ironbound frostheart freezes you. You resist.
* * * LOW HITPOINT WARNING * * *
You feel much better.
You hit the ironbound frostheart.
The ironbound frostheart is almost dead.
The ironbound frostheart touches you!
* * * LOW HITPOINT WARNING * * *
The ironbound frostheart freezes you. You resist.
* * * LOW HITPOINT WARNING * * *
You barely miss the ironbound frostheart.
The ironbound frostheart is almost dead.
You hit the ironbound frostheart.
The ironbound frostheart is almost dead.
The ironbound frostheart calls freezing cold from the walls.
The frost grips you!! You partially resist.
You die...
Your body crumbles into a pile of gold.

..........................)......
▓▓▓▓▓▓▓▓▓▓▓▓▓▓▓▓▓▓▓▓▓▓▓▓▓▓▓▓▓▓▓▓▓
..)))))))).[[[[[[[[).....∩∩..'.()
▓▓▓▓▓▓▓▓▓▓▓▓▓▓▓▓▓▓▓▓▓▓▓▓▓▓▓▓▓▓▓▓▓
........)).....)..............)))
▓▓▓▓▓▓▓▓▓▓▓▓♣♣♣♣♣♣♣♣♣♣▓▓▓▓▓▓▓▓▓▓▓
..'......)..'.........'[..∩..∩∩.'
▓▓▓▓▓▓▓▓▓▓▓▓♣♣♣♣♣♣♣♣♣♣▓▓▓▓▓▓▓▓▓▓▓
.....).........pY...∩....[.......
▓▓▓▓▓▓▓▓▓▓▓▓▓▓▓▓▓▓▓▓▓▓▓▓▓▓▓▓▓▓▓▓▓
...)(............))....O$§$..ppcB
▓▓▓▓▓▓▓▓▓▓▓▓▓▓▓▓▓▓▓▓▓▓▓▓▓▓▓▓▓▓▓▓▓


You could see an ironbound frostheart.

Vanquished Creatures
  Saint Roka (D)
  A golden dragon (D)
  A tentacled monstrosity (D)
  Frances (D)
  2 sphinxes (D)
  Donald (D)
  2 fire giants (D)
  An ironbound preserver (D)
  A very ugly thing (D)
  2 stone giants (D)
  2 ironbound thunderhulks (D)
  2 eleionomae (D)
  A spark wasp (D)
  A bunyip (D)
  An ettin (D)
  A merfolk javelineer (D)
  2 fire dragons (D)
  Harold (D)
  2 rakshasas (D)
  3 ice dragons (D)
  3 hydras (D)
  A merfolk avatar (D)
  An alligator (D)
  2 naga warriors (D)
  4 centaur warriors (D)
  A spriggan berserker (D)
  A naga sharpshooter (D)
  A hell knight (D)
  10 orc high priests (D)
  A spriggan (D)
  Nergalle (D)
  A pharaoh ant (D)
  A sea snake (D)
  4 lindwurms (D)
  A wizard (D)
  A necromancer (D)
  5 orc knights (D)
  A cyclops (D)
  4 ugly things (D)
  2 wolf spiders (D)
  2 manticores (D)
  A moth of wrath (D)
  A naga mage (D)
  7 black mambas (D)
  A gargoyle (D)
  2 torpor snails (D)
  A komodo dragon (D)
  5 cane toads (D)
  A demonic crawler (D)
  An unseen horror (D)
  2 tengu conjurers (D)
  A troll (D)
  A bloated husk (D)
  6 tyrant leeches (D)
  2 hornets (D)
  A blink frog (D)
  2 wind drakes (D)
  A jumping spider (D)
  A culicivora (D)
  A wraith (D)
  A water elemental (D)
  A yak (D)
  A steam dragon (D)
  A naga (D)
  15 orc warriors (D)
  A centaur (D)
  A phantom (D)
  A scorpion (D)
  5 bullfrogs (D)
  2 howler monkeys (D)
  6 orc priests (D)
  A hound (D)
  4 orc wizards (D)
  An adder (D)
  2 worms (D)
  8 orcs (D)
  A hobgoblin (D)
  A quokka (D)
  A bat (D)
  2 frilled lizards (D)
171 creatures vanquished.

Vanquished Creatures (others)
  A manticore (D)
1 creature vanquished.

Grand Total: 172 creatures vanquished

Notes
Turn   | Place    | Note
-------+----------+-------------------------------------------
     0 | D        | mhtbhm the Spriggan Enchanter began the quest for the Orb.
     0 | D        | Reached XP level 1. HP: 9/9 MP: 5/5
    13 | D        | Reached skill level 5 in Stealth
   173 | D        | Noticed a hound
   173 | D        | Noticed a scorpion
   173 | D        | Noticed an orc wizard
   173 | D        | Noticed a phantom
   175 | D        | Killed a hound
   176 | D        | Reached skill level 7 in Stealth
   176 | D        | Reached skill level 5 in Hexes
   176 | D        | Reached XP level 2. HP: 13/13 MP: 5/7
   176 | D        | Reached XP level 3. HP: 16/16 MP: 6/9
   181 | D        | Learned a level 2 spell: Ensorcelled Hibernation
   185 | D        | Learned a level 3 spell: Confusing Touch
   189 | D        | Learned a level 3 spell: Tukima's Dance
   210 | D        | Killed a scorpion
   211 | D        | Reached skill level 8 in Stealth
   211 | D        | Reached XP level 4. HP: 21/21 MP: 6/11
   213 | D        | Reached skill level 9 in Stealth
   228 | D        | Reached skill level 1 in Fighting
   232 | D        | Killed a phantom
   233 | D        | Reached skill level 5 in Dodging
   233 | D        | Reached skill level 10 in Stealth
   233 | D        | Reached skill level 5 in Spellcasting
   233 | D        | Reached skill level 1 in Ice Magic
   233 | D        | Reached XP level 5. HP: 17/25 MP: 5/14
   340 | D        | Learned a level 3 spell: Dazzling Flash
   344 | D        | Found a snail-covered altar of Cheibriados.
   344 | D        | Found a shadowy altar of Dithmenos.
   344 | D        | Found a white marble altar of Elyvilon.
   344 | D        | Found a blossoming altar of Fedhas.
   344 | D        | Found an opulent altar of Gozag.
   345 | D        | Found a hazy altar of Hepliaklqana.
   346 | D        | Found a viscous altar of Jiyva.
   347 | D        | Found an ancient bone altar of Kikubaaqudgha.
   348 | D        | Found a corrupted altar of Lugonu.
   349 | D        | Found a burning altar of Makhleb.
   350 | D        | Found a sparkling altar of Nemelex Xobeh.
   351 | D        | Found an iron altar of Okawaru.
   352 | D        | Found a stormy altar of Qazlal.
   354 | D        | Became a worshipper of Gozag Ym Sagoz the Greedy
   356 | D        | Found a sacrificial altar of Ru.
   357 | D        | Found a shimmering blue altar of Sif Muna.
   358 | D        | Found a bloodstained altar of Trog.
   359 | D        | Found a hide-covered altar of Uskayaw.
   360 | D        | Found a radiant altar of Vehumet.
   361 | D        | Found an ornate altar of the Wu Jian Council.
   362 | D        | Found a shimmering altar of Xom.
   363 | D        | Found a basalt altar of Yredelemnul.
   364 | D        | Found a glowing silver altar of Zin.
   365 | D        | Found a glowing golden altar of the Shining One.
   394 | D        | Noticed an orc warrior
   394 | D        | Noticed an unseen horror
   394 | D        | Noticed a hornet
   397 | D        | Reached skill level 11 in Stealth
   401 | D        | Killed an orc warrior
   402 | D        | Reached skill level 5 in Short Blades
   402 | D        | Reached XP level 6. HP: 30/30 MP: 9/16
   405 | D        | Killed an unseen horror
   406 | D        | Reached skill level 13 in Stealth
   406 | D        | Reached XP level 7. HP: 35/35 MP: 4/19
   557 | D        | Killed a hornet
   558 | D        | Reached skill level 14 in Stealth
   558 | D        | Reached skill level 10 in Hexes
   778 | D        | Noticed a purple ugly thing
   778 | D        | Noticed a troll
   778 | D        | Noticed a centaur warrior
   778 | D        | Noticed a gargoyle
   778 | D        | Noticed a wraith
   788 | D        | Killed a purple ugly thing
   789 | D        | Reached XP level 8. HP: 25/39 MP: 15/22
   796 | D        | Killed a troll
   797 | D        | Reached skill level 15 in Stealth
   797 | D        | Reached skill level 10 in Spellcasting
   797 | D        | Reached skill level 5 in Ice Magic
   801 | D        | Killed a centaur warrior
   802 | D        | Reached skill level 16 in Stealth
   802 | D        | Reached XP level 9. HP: 30/43 MP: 11/25
   804 | D        | Killed a gargoyle
  1109 | D        | Noticed a komodo dragon
  1109 | D        | Noticed a black mamba
  1109 | D        | Noticed a cane toad
  1110 | D        | Noticed a cane toad
  1111 | D        | Killed a komodo dragon
  1112 | D        | Reached skill level 17 in Stealth
  1112 | D        | Noticed a cane toad
  1117 | D        | Killed a black mamba
  1119 | D        | Killed a cane toad
  1120 | D        | Reached skill level 18 in Stealth
  1121 | D        | Killed a cane toad
  1122 | D        | Reached XP level 10. HP: 49/49 MP: 21/28
  1123 | D        | Killed a cane toad
  1127 | D        | Reached skill level 19 in Stealth
  1189 | D        | Noticed a cane toad
  1189 | D        | Noticed a torpor snail
  1189 | D        | Noticed a black mamba
  1189 | D        | Noticed a cane toad
  1190 | D        | Noticed a black mamba
  1193 | D        | Killed a cane toad
  1201 | D        | Killed a torpor snail
  1202 | D        | Reached skill level 20 in Stealth
  1210 | D        | Killed a black mamba
  1213 | D        | Killed a cane toad
  1214 | D        | Reached skill level 1 in Conjurations
  1217 | D        | Killed a black mamba
  1329 | D        | Noticed a lindwurm
  1330 | D        | Noticed a lindwurm
  1331 | D        | Killed a lindwurm
  1332 | D        | Reached skill level 21 in Stealth
  1353 | D        | Reached skill level 10 in Short Blades
  1506 | D        | Killed a lindwurm
  1507 | D        | Reached XP level 11. HP: 54/54 MP: 25/30
  1944 | D        | Reached skill level 22 in Stealth
  2117 | D        | Noticed an orc knight
  2123 | D        | Reached skill level 15 in Hexes
  2131 | D        | Killed an orc knight
  2322 | D        | Reached skill level 15 in Spellcasting
  2600 | D        | Found Ceodiwn's General Store.
  2600 | D        | Noticed an orc high priest
  2600 | D        | Noticed an orc high priest
  2600 | D        | Noticed an orc high priest
  2600 | D        | Noticed an orc high priest
  2600 | D        | Noticed an orc knight
  2601 | D        | Noticed an orc high priest
  2828 | D        | Killed an orc high priest
  2839 | D        | Killed an orc high priest
  2840 | D        | Reached skill level 5 in Fighting
  2840 | D        | Reached skill level 23 in Stealth
  2875 | D        | Killed an orc high priest
  3079 | D        | Killed an orc high priest
  3225 | D        | Killed an orc knight
  3403 | D        | Killed an orc high priest
  3412 | D        | Noticed an orc high priest
  3424 | D        | Killed an orc high priest
  3544 | D        | Noticed an orc knight
  3549 | D        | Found Bauriomo's Jewellery Shoppe.
  3552 | D        | Killed an orc knight
  3557 | D        | Found Ubua's Jewellery Emporium.
  3561 | D        | Found Togis's Distillery.
  3563 | D        | Noticed an orc high priest
  3564 | D        | Noticed an orc knight
  3565 | D        | Noticed an orc high priest
  3566 | D        | Noticed an orc high priest
  3567 | D        | Noticed an orc high priest
  3573 | D        | Killed an orc high priest
  3709 | D        | Killed an orc knight
  3779 | D        | Noticed a soul eater
  3782 | D        | Killed an orc high priest
  3783 | D        | Reached skill level 24 in Stealth
  3783 | D        | Reached XP level 12. HP: 59/61 MP: 29/33
  3826 | D        | Killed an orc high priest
  3859 | D        | Killed an orc high priest
  3979 | D        | Bought a potion of invisibility for 96 gold pieces
  3981 | D        | Bought the amulet "Numumock" {Acrobat rF+ Int+4} for 733
                  | gold pieces
  3983 | D        | Bought the ring "Moyss" {Wiz Will++ Str+4} for 645 gold
                  | pieces
  3993 | D        | Bought a potion of invisibility for 112 gold pieces
  3993 | D        | Bought a potion of curing for 42 gold pieces
  3993 | D        | Bought a potion of mutation for 112 gold pieces
  3993 | D        | Bought a potion of might for 56 gold pieces
  3993 | D        | Bought a potion of curing for 42 gold pieces
  4030 | D        | Noticed Harold
  4040 | D        | Killed Harold
  4285 | D        | Bought a runed cloak for 262 gold pieces
  4302 | D        | Bought a twisted robe for 199 gold pieces
  4302 | D        | Identified the +2 robe "Hol Viri" {rF+} (You bought it in a
                  | shop in the Dungeon)
  4309 | D        | Bought a book of Burglary for 340 gold pieces
  4313 | D        | Learned a level 3 spell: Swiftness
  4317 | D        | Noticed a six-headed hydra
  4317 | D        | Noticed a centaur warrior
  4317 | D        | Noticed a centaur warrior
  4317 | D        | Noticed a centaur warrior
  4319 | D        | Killed a six-headed hydra
  4320 | D        | Noticed a six-headed hydra
  4322 | D        | Noticed a stone giant
  4323 | D        | Killed a centaur warrior
  4326 | D        | Reached skill level 25 in Stealth
  4326 | D        | Noticed a fire dragon
  4327 | D        | Killed a centaur warrior
  4328 | D        | Noticed a fire giant
  4329 | D        | Killed a centaur warrior
  4330 | D        | Noticed a sphinx
  4332 | D        | Reached skill level 10 in Ice Magic
  4333 | D        | Killed a six-headed hydra
  4335 | D        | Killed a stone giant
  4336 | D        | Reached skill level 26 in Stealth
  4342 | D        | Killed a fire dragon
  4343 | D        | Reached skill level 10 in Dodging
  4352 | D        | Killed a fire giant
  4362 | D        | Killed a sphinx
  4363 | D        | Reached skill level 27 in Stealth
  4543 | D        | Reached skill level 1 in Evocations
  4752 | D        | Noticed Frances
  4759 | D        | Killed Frances
  4760 | D        | Reached XP level 13. HP: 67/67 MP: 34/36
  4775 | D        | Noticed Saint Roka
  5055 | D        | Killed Saint Roka
  5824 | D        | Noticed an eleionoma
  5824 | D        | Noticed an eleionoma
  5824 | D        | Noticed a bunyip
  6103 | D        | Killed an eleionoma
  6114 | D        | Killed an eleionoma
  6310 | D        | Killed a bunyip
  6502 | D        | Noticed a merfolk javelineer
  6527 | D        | Killed a merfolk javelineer
  6887 | D        | Acquired 766 gold pieces
  6892 | D        | Bought a scroll of immolation for 59 gold pieces
  6892 | D        | Bought a scroll of enchant armour for 127 gold pieces
  6892 | D        | Bought a scroll of enchant armour for 127 gold pieces
  6892 | D        | Bought a scroll of fear for 59 gold pieces
  6892 | D        | Bought a scroll of vulnerability for 127 gold pieces
  6898 | D        | Bought a manual of Short Blades for 1280 gold pieces
  6898 | D        | Bought a book of Rime for 448 gold pieces
  6898 | D        | Bought the Compendium of Rank Weather for 608 gold pieces
  6902 | D        | Learned a level 3 spell: Frozen Ramparts
  6907 | D        | Learned a level 4 spell: Ice Form
  6913 | D        | Learned a level 5 spell: Freezing Cloud
  6918 | D        | Learned a level 4 spell: Summon Ice Beast
  6919 | D        | Noticed a spark wasp
  6923 | D        | Killed a spark wasp
  7211 | D        | Noticed Nergalle
  7218 | D        | Killed Nergalle
  7224 | D        | Noticed Donald
  7274 | D        | Killed Donald
  7275 | D        | Reached skill level 15 in Short Blades
  7412 | D        | Noticed a sphinx
  7412 | D        | Noticed a stone giant
  7412 | D        | Noticed a green very ugly thing
  7412 | D        | Noticed a tentacled monstrosity
  7414 | D        | Killed a sphinx
  7415 | D        | Reached XP level 14. HP: 74/74 MP: 36/40
  7422 | D        | Killed a stone giant
  7646 | D        | Killed a green very ugly thing
  7646 | D        | Noticed a fire giant
  7657 | D        | Reached skill level 5 in Conjurations
  7760 | D        | Killed a fire giant
  7944 | D        | Killed a tentacled monstrosity
  8132 | D        | Reached skill level 1 in Summonings
  8165 | D        | Noticed a golden dragon
  8168 | D        | HP: 3/75 [golden dragon/bolt of fire (15)]
  8821 | D        | Killed a golden dragon
  8822 | D        | Reached skill level 5 in Evocations
  8944 | D        | Bought a potion of curing for 30 gold pieces
  8944 | D        | Bought a potion of haste for 100 gold pieces
  8944 | D        | Bought a potion of curing for 30 gold pieces
  8944 | D        | Bought a potion of mutation for 80 gold pieces
  8944 | D        | Bought a potion of heal wounds for 50 gold pieces
  9234 | D        | Noticed an ironbound thunderhulk
  9234 | D        | Noticed an ironbound preserver
  9234 | D        | Noticed an ironbound thunderhulk
  9235 | D        | Noticed an ironbound preserver
  9242 | D        | Killed an ironbound thunderhulk
  9244 | D        | Killed an ironbound preserver
  9646 | D        | Killed an ironbound thunderhulk
  9678 | D        | HP: 3/75 [ironbound frostheart (13)]
 10085 | D        | Killed from afar by an ironbound frostheart

Illustrated notes

Levels and vault maps discovered:
D:        linesprint [early_d, line_temple, items_1, d_10, items_2, lair_1,
          lair_end, items_3, orc_1, orc_end, items_4, d_15, swamp_1, shoals_1,
          snake_1, spider_1, d_20, vaults_1, items_5, swamp_end, shoals_end,
          snake_end, spider_end, vaults_end, d_27, items_6, zot_1, zot_end,
          crypt_end, forest_end, elf_end, slime_end, tomb_end, abyss_end,
          pan_hell_end]

Skill      XL: |  1  2  3  4  5  6  7  8  9 10 11 12 13 14 |
---------------+-------------------------------------------+-----
Hexes          | 5 6 8 9 11 12 13 14 16 17 20 21 | 21.6
Stealth        | 7 8 10 11 13 14 16 18 21 24 27 | 27.0
Dodging        | 3 4 5 6 7 9 10 13 | 13.9
Short Blades   | 2 3 4 5 6 7 8 10 12 14 15 | 15.7
Spellcasting   | 3 4 5 6 7 9 11 13 14 16 18 21 23 | 23.3
Fighting       | 1 2 3 4 6 7 8 9 |  9.4
Ice Magic      | 1 2 3 4 5 6 7 9 10 12 13 | 13.6
Conjurations   | 1 2 4 6 |  6.0
Evocations     | 1 3 5 |  5.6
Summonings     | 1 |  1.9

Action                   |  1- 3 |  4- 6 |  7- 9 | 10-12 | 13-15 || total
-------------------------+-------+-------+-------+-------+-------++-------
Melee: Dagger            |    20 |     5 |       |       |       ||    25
       Rapier            |       |     3 |    28 |   174 |       ||   205
       Punch             |       |       |       |     2 |     5 ||     7
       Quick blade       |       |       |       |    37 |   226 ||   263
       Unarmed           |       |       |       |       |    11 ||    11
 Cast: Ensorcelled Hiber |     2 |    10 |    17 |    65 |    68 ||   162
       Confusing Touch   |       |     1 |     2 |     2 |     3 ||     8
       Dazzling Flash    |       |       |     1 |    11 |    46 ||    58
       Summon Ice Beast  |       |       |       |       |     6 ||     6
       Ice Form          |       |       |       |       |     1 ||     1
Invok: Call Merchant     |       |       |       |     2 |     4 ||     6
       Potion Petition   |       |       |       |       |     3 ||     3
Evoke: Lightning rod     |       |       |       |     1 |     8 ||     9
       Wand              |       |       |       |       |     8 ||     8
  Use: Potion            |       |     1 |     1 |     2 |     8 ||    12
       Scroll            |       |       |       |     1 |     5 ||     6
 Stab: Sleeping          |     2 |     5 |    10 |    52 |    27 ||    96
       Confused          |       |     1 |     2 |     3 |     1 ||     7
       Invisible         |       |       |     1 |     9 |    47 ||    57
       Distracted        |       |       |     1 |     2 |     4 ||     7
Armor: Robe              |     2 |       |     1 |     9 |    11 ||    23
       Skin              |       |       |       |       |     1 ||     1
Dodge: Dodged            |    12 |     9 |    18 |   110 |   137 ||   286

Table legend: (Time is in decaauts)
 A = Elapsed time spent in this place.
 B = Non-inter-level travel time spent in this place.
 C = Inter-level travel time spent in this place.
 D = Time resting spent in this place.
 E = Time spent auto-exploring this place.
 F = Levels seen in this place.
 G = Mean time per level.
                   A        B        C        D        E       F      G
               +--------+--------+--------+--------+--------+-----+--------+
         Total |   8489 |   8489 |      0 |   4004 |   2317 |   1 | 8489.0 |
       Dungeon |   8489 |   8489 |      0 |   4004 |   2317 |   1 | 8489.0 |
               +--------+--------+--------+--------+--------+-----+--------+

Top non-repeatable levels by time:
       D: 8489 daAuts
